 Dungeon Crawl Stone Soup version 0.28-a0-1447-ga5a8893891 (webtiles) character file.

Game seed: 10292945613363784937

11 ytrimaz the Chopper (level 2, 14/19 HPs)
             Began as a Tengu Berserker on Jan 10, 2022.
             Was a Follower of Trog.
             Quit the game on level 1 of the Dungeon.
             The game lasted 00:00:49 (398 turns).

ytrimaz the Chopper (Tengu Berserker)                Turns: 398, Time: 00:00:49

Health: 14/19      AC:  2    Str: 17    XL:     2   Next: 25%
Magic:  3/3        EV: 12    Int:  7    God:    Trog [*.....]
Gold:   11         SH:  0    Dex: 13    Spells: 1/1 levels left

rFire   . . .      SeeInvis .   a - +0 hand axe
rCold   . . .      Faith    .   (no shield)
rNeg    . . .      Spirit   .   b - +0 animal skin
rPois   .          Reflect  .   (helmet restricted)
rElec   .          Harm     .   (no cloak)
rCorr   .          Rampage  .   (no gloves)
Will    .....                   (boots unavailable)
Stlth   +.........              (no amulet)
HPRegen 0.06/turn               (no ring)
MPRegen 0.08/turn               (no ring)

@: weak-willed, on berserk cooldown, slowed, very slow
A: beak, talons 3
a: Renounce Religion, Berserk


You were on level 1 of the Dungeon.
You worshipped Trog.
Trog was aware of your devotion.
You visited 1 branch of the dungeon, and saw 1 of its levels.

You collected 11 gold pieces.

Inventory:

Hand Weapons
 a - a +0 hand axe (weapon)
Armour
 b - a +0 animal skin (worn)
Potions
 c - a potion of experience {unknown}
 e - a potion of brilliance {unknown}
 h - 2 potions of cancellation {unknown}


   Skills:
 + Level 3.3 Fighting
 + Level 3.5 Axes
 + Level 2.2 Armour
 + Level 2.3 Dodging


You had one spell level left.
You didn't know any spells.
Your spell library was empty.

Dungeon Overview and Level Annotations

Branches:
Dungeon (1/15)

Altars:


Innate Abilities, Weirdness & Mutations

You have a beak for a mouth.
You have claws for feet.


Message History

Your giant cockroach is being constricted!
Unknown command.
You swap places.
The ball python bites your giant cockroach but does no damage.
The ball python constricts your giant cockroach.
Your giant cockroach barely misses the ball python.
The ball python bites your giant cockroach.
Your giant cockroach dies!
Your giant cockroach's corpse dissolves into shadows!
The ball python barely misses your kobold.
The ball python grabs your kobold. The ball python constricts your kobold.
Your kobold hits the ball python with a +0 dagger.
The ball python bites your kobold.
Your kobold dies!
Your kobold's corpse dissolves into shadows!
You don't know any spells.
A red film seems to cover your vision as you go berserk!
You feel yourself moving faster!
You feel mighty!
You feel a strong urge to attack something.
The ball python barely misses you. The ball python grabs you.
The ball python constricts you.
You hit the ball python.
You kill the ball python!
Trog accepts your kill.
You closely miss the kobold. Your peck misses the kobold.
You closely miss the kobold.
The kobold hits you with a +0 short sword.
You barely miss the kobold.
The kobold hits you with a +0 short sword.
You slash the kobold!
You kill the kobold!
Trog accepts your kill.
Things that are here:
a +0 short sword; a kobold corpse You feel a strong urge to attack something.
You are no longer berserk.
You are exhausted.
You feel yourself slow down.
Found 10 gold pieces.
Are you sure you want to abandon this character and quit the game? (Confirm with "yes".)

##### # ####...#### ####**
#..........
#....########.##...##P.
#.....@...)...##....#≈P
***#....###########...##≈≈
**,.....,,,,** #...##≈≈
**,,$...,,,,,,** #...##≈≈
*,,,...,,,,,,,,* ##.###≈≈
*,,,..,,,,,,,,,* #.# #≈≈
*,,,.,,,,,,,,,,* #.# #≈≈
*,,,,,,,,,,,,,,* #.# #≈≈
*,,,,,,,,,,,,,,* #†# #≈P


There were no monsters in sight!

Vanquished Creatures
  A dart slug (D:1)
  A giant cockroach (D:1)
  2 hobgoblins (D:1)
  A kobold (D:1)
  A ball python (D:1)
  2 frilled lizards (D:1)
  A rat (D:1)
9 creatures vanquished.

Notes
Turn   | Place    | Note
-------+----------+-------------------------------------------
     0 | D:1      | ytrimaz the Tengu Berserker began the quest for the Orb.
     0 | D:1      | Reached XP level 1. HP: 14/14 MP: 2/2
   273 | D:1      | Reached XP level 2. HP: 14/19 MP: 3/3
   398 | D:1      | Quit the game

Illustrated notes

Levels and vault maps discovered:
D:1:      eino_arrival_druids_welcome, layout_rooms

Action                   || total
-------------------------++-------
Melee: Hand axe          ||    28
       Kick              ||     5
       Peck              ||     1
Invok: Berserk           ||     1
  Use: Scroll            ||     3
Armor: Animal skin       ||     2
Dodge: Dodged            ||    16

Table legend: (Time is in decaauts)
 A = Elapsed time spent in this place.
 B = Non-inter-level travel time spent in this place.
 C = Inter-level travel time spent in this place.
 D = Time resting spent in this place.
 E = Time spent auto-exploring this place.
 F = Levels seen in this place.
 G = Mean time per level.
                   A        B        C        D        E       F      G
               +--------+--------+--------+--------+--------+-----+--------+
         Total |    399 |    399 |      0 |      0 |    315 |   1 |  399.0 |
       Dungeon |    399 |    399 |      0 |      0 |    315 |   1 |  399.0 |
               +--------+--------+--------+--------+--------+-----+--------+

Top non-repeatable levels by time:
     D:1: 399 daAuts
